 Dungeon Crawl Stone Soup version 0.30.1-11-g7821555f0a (webtiles) character file.

Game seed: 16757393785571713385

110096 Ijustatesigmund the Earth Mage (level 16, -2/96 HPs)
             Began as a Gargoyle Earth Elementalist on Nov 16, 2023.
             Was a High Priest of Vehumet.
             Slain by a tentacle (4 damage)
             ... attached to a kraken
             ... on level 1 of the Shoals.
             The game lasted 01:46:55 (40060 turns).

Ijustatesigmund the Earth Mage (GrEE)              Turns: 40060, Time: 01:46:57

Health: -2/96      AC: 21    Str: 11 (13) XL:     16   Next: 54%
Magic:  2/40       EV: 17    Int: 24      God:    Vehumet [*****.]
Gold:   2201       SH: 10    Dex:  9 (10) Spells: 9/38 levels left

rFire   . . .        U - +4 demon whip (flame)
rCold   . . .        t - +1 buckler
rNeg    + . .        k - +1 toga "Victory" {*Victory Int+1 Slay+1 Clar}
rPois   ∞            F - +1 helmet
rElec   +            j - +0 cloak
rCorr   .            D - +1 pair of gloves
SInv    .            e - +0 pair of boots
Will    +....        Y - amulet of reflection
Stlth   ++           r - ring of magical power
HPRegen 0.36/turn    S - +5 ring of evasion
MPRegen 0.27/turn

%: reflection, clarity
@: flying
A: sickness immunity, AC +12, big wings, negative energy resistance 1,
electricity resistance, torment resistance 1, petrification resistance
a: Renounce Religion


You were on level 1 of the Shoals.
You worshipped Vehumet.
Vehumet was extremely pleased with you.
You visited 5 branches of the dungeon, and saw 24 of its levels.
You also visited: Ossuary and Volcano.

You collected 2988 gold pieces.
You spent 787 gold pieces at shops.

Inventory:

Hand Weapons
 U - a +4 demon whip of flaming (weapon)
Armour
 e - a +0 pair of boots (worn)
 j - a +0 cloak (worn)
 k - the +1 toga "Victory" (worn) {*Victory Int+1 Slay+1 Clar}
   (You found it on level 2 of the Dungeon)

   *Victory:  When the wearer kills a threatening monster, it has a chance to
   gain +1 AC, +1 Slay, and +1 Int, capping at +7.
   When the wearer uses a scroll or a potion with a hostile monster in sight,
   its bonuses reset to +0.
   Unequipping it also resets its bonuses to +0.
   Int:       It affects your intelligence (+1).
   Slay:      It affects your accuracy & damage with ranged weapons and melee
   (+1).
   Clar:      It protects you from confusion, rage, mesmerisation and fear.
 t - a +1 buckler (worn)
 D - a +1 pair of gloves (worn)
 F - a +1 helmet (worn)
 V - +0 fire dragon scales
Jewellery
 n - a ring of resist corrosion
 r - a ring of magical power (left hand)
 x - a ring of protection from cold
 B - a ring of positive energy
 L - a ring of protection from cold
 O - a ring of see invisible
 R - a ring of positive energy
 S - a +5 ring of evasion (right hand)
 T - a ring of willpower
 Y - an amulet of reflection (around neck)
Wands
 o - a wand of acid (11)
 u - a wand of polymorph (12)
 C - a wand of flame (6)
 E - a wand of charming (21)
 Q - a wand of digging (4)
Scrolls
 c - 11 scrolls of identify
 d - a scroll of magic mapping
 i - 10 scrolls of teleportation
 l - 2 scrolls of fear
 m - 4 scrolls of blinking
 s - 7 scrolls of immolation
 w - a scroll of amnesia
 y - 3 scrolls of fog
 G - 3 scrolls of butterflies
 H - 5 scrolls of torment
 M - 2 scrolls of poison
 N - 2 scrolls of brand weapon
 Z - a scroll of enchant weapon
Potions
 b - 2 potions of magic
 f - a potion of might
 g - 8 potions of curing
 h - 4 potions of heal wounds
 p - 4 potions of lignification
 q - 4 potions of berserk rage
 z - 3 potions of cancellation
 A - 3 potions of invisibility
 I - 4 potions of haste
 J - a potion of mutation
 K - a potion of attraction
 P - a potion of resistance
Miscellaneous
 a - a condenser vane


   Skills:
 - Level 9.3 Fighting
 - Level 6.6 Maces & Flails
 - Level 2.6 Armour
 - Level 5.6 Dodging
 - Level 2.1 Stealth
 - Level 5.1 Shields
 - Level 11.6 Spellcasting
 - Level 14.2 Conjurations
 + Level 5.6 Necromancy
 - Level 0.7 Transmutations
 - Level 4.8 Ice Magic
 - Level 4.0 Air Magic
 - Level 15.0 Earth Magic
 + Level 10.3 Evocations


You had 9 spell levels left.
You knew the following spells:

 Your Spells              Type           Power      Damage    Failure   Level
a - Magic Dart            Conj           100%       1d8       0%          1
b - Stone Arrow           Conj/Erth      100%       3d13      1%          3
c - Iskenderun's Battles  Conj           70%        2d12      1%          5
d - Freezing Cloud        Conj/Ice/Air   25%        6-21      1%          5
e - Dispel Undead         Necr           41%        3d16      6%          4
f - Iron Shot             Conj/Erth      35%        9d7       1%          6
g - Borgnjor's Vile Clut  Necr/Erth      29%        N/A       2%          5

Your spell library contained the following spells:

 Spells                   Type           Power      Damage    Failure   Level
 Arcjolt                  Conj/Air       27%        1d37      1%          5
 Sandblast                Erth           100%       2d20      0%          1
 Necrotise                Necr           100%       1d9       1%          1
 Passwall                 Tmut/Erth      42%        N/A       1%          2
 Poisonous Vapours        Pois/Air       46%        N/A       1%          2
 Frozen Ramparts          Ice            74%        1d12      1%          3
 Mephitic Cloud           Conj/Pois/Air  43%        N/A       1%          3
 Vampiric Draining        Necr           41%        2d8       1%          3
 Petrify                  Tmut/Erth      51%        N/A       2%          4
 Orb of Destruction       Conj           35%        9d10      4%          7
 Slow                     Hex            52%        N/A       6%          1
 Animate Dead             Necr           41%        N/A       6%          4
 Agony                    Necr           41%        N/A       16%         5
 Confusing Touch          Hex            13%        N/A       19%         3
 Summon Guardian Golem    Hex/Summ       13%        N/A       19%         3
 Tukima's Dance           Hex            13%        N/A       19%         3
 Ice Form                 Ice/Tmut       27%        N/A       19%         4
 Summon Ice Beast         Ice/Summ       25%        N/A       22%         4
 Yara's Violent Unravell  Hex/Tmut       7%         3d5       34%         5
 Passage of Golubria      Tloc           13%        N/A       52%         4
 Spellforged Servitor     Conj/Summ      24%        N/A       54%         7
 Death Channel            Necr           20%        N/A       65%         6
 Cigotuvi's Dreadful Rot  Necr/Pois/Air  Unusable   N/A       N/A         2

Dungeon Overview and Level Annotations

Branches:
Dungeon (15/15)            Temple (0/1) D:7            Lair (5/5) D:9
 Shoals (1/4) Lair:2       Spider (1/4) Lair:3        Slime (0/5) Lair:4
    Orc (2/2) D:10            Elf (0/3) Orc:2        Vaults (0/5) D:13
 Depths (0/4) D:15        Ossuary (visited)         Volcano (visited)

Altars:
Cheibriados
Elyvilon
Fedhas
Gozag
Hepliaklqana
Makhleb
Nemelex Xobeh
Okawaru
Ru
Sif Muna
Trog
Uskayaw
Vehumet
Xom
Zin
The Shining One
Jiyva

Shops:
D:6 *   D:9 ?!=*   D:11 *   Orc:2 [!**

Annotations:
D:3 1 runed translucent door, Crazy Yiuf
Lair:1 2 transporters
Shoals:1 4 transporters


Innate Abilities, Weirdness & Mutations

You are immune to sickness and miasma.
Your stone body is resilient. (AC +12)
You are immune to poison.
Your large and strong wings let you fly.
You resist negative energy. (rN+)
You are resistant to electric shocks. (rElec)
You are resistant to unholy torment.
You are immune to petrification.


Message History

Press: ? - help, Shift-Dir - straight line, f/p - tentacle
Aim: a tentacle (water, severely wounded, 84% to hit)
The iron shot hits the tentacle!!
You kill the tentacle!
The tentacle closely misses your battlesphere.
The tentacle slaps you! The tentacle completely misses you.
The tentacle slaps you. The kraken closely misses you. The tentacle slaps you!
Casting: Iron Shot (dangerous; 1% risk of failure)
Confirm with . or Enter, or press ? or * to list all spells.
Aiming: Iron Shot (dangerous; 1% risk of failure)
Press: ? - help, Shift-Dir - straight line, f - kraken
Aim: a kraken (water, severely wounded, 100% to hit)
The iron shot hits the kraken!!
The kraken is almost dead.
Your battlesphere fires!
The barrage of energy hits the kraken!
The kraken is almost dead.
The tentacle slaps your battlesphere!!
Your battlesphere is destroyed!
The tentacle slaps you!
The kraken squirts a massive cloud of ink into the water!
The tentacle closely misses you. You block the tentacle's attack.
The tentacle slaps you!
* * * LOW HITPOINT WARNING * * *
Casting: Iron Shot (dangerous; 1% risk of failure)
Confirm with . or Enter, or press ? or * to list all spells.
Aiming: Iron Shot (dangerous; 1% risk of failure)
Press: ? - help, Shift-Dir - straight line, f/p - kraken
Aim: a kraken (ink, water, almost dead, 100% to hit)
The iron shot hits the kraken!
The kraken is almost dead.
The tentacle closely misses you. You block the kraken's attack.
The tentacle slaps you!
* * * LOW HITPOINT WARNING * * *
You block the tentacle's attack.
The tentacle slaps you but does no damage.
The kraken bites you!
* * * LOW HITPOINT WARNING * * *
The tentacle slaps you.
You die...

..~~~P.....~#~~©#~~≈≈≈
.~~P........##.##.~≈≈≈≈≈
P~..P............~~≈≈≈≈≈
~~..............~~≈≈≈≈≈≈
...............~~≈≈≈≈≈≈≈
...............§≈≈≈≈≈≈≈≈
..#...........§~§§§≈≈≈≈≈
##...........~~w☼§§≈≈≈≈≈
............~~≈§@X§≈≈≈≈≈
..........~~~≈§§ww§≈≈≈≈≈
~~~......~~~≈≈§§§§§≈≈≈≈≈
~~~~....~~~≈≈≈≈≈≈≈≈≈≈≈≈≈
≈≈~~~~~~~~≈≈≈≈≈≈≈≈≈≈≈≈≈≈
≈≈≈~~~~~~≈≈≈≈≈≈≈≈≈≈≈≈≈≈≈
≈≈≈≈≈≈≈≈≈≈≈≈≈≈≈≈≈≈≈≈≈≈≈≈
≈≈≈≈≈≈≈≈≈≈≈≈≈≈≈≈≈≈≈≈≈≈≈≈
≈≈≈≈≈≈≈≈≈≈≈≈≈≈≈≈≈≈≈≈≈≈≈


You could see a kraken and 3 tentacles.

Vanquished Creatures
  Kirke (Spider:1)
  Donald (Orc:2)
  An emperor scorpion (Spider:1)
  A ghost moth (Spider:1)
  An orc warlord (Orc:2)
  A stone giant (Orc:2)
  4 dire elephants (Lair:5)
  An ettin (Orc:2)
  2 fire dragons (D:15)
  Josephine (D:12)
  A yaktaur captain (D:13)
  A catoblepas (Lair:3)
  3 hydras
  2 ogre magi
  5 centaur warriors
  11 two-headed ogres
  A jorogumo (Spider:1)
  5 boulder beetles
  A merfolk aquamancer (Shoals:1)
  A death yak (Lair:5)
  An orc high priest (Orc:2)
  A hell knight (Volcano)
  A skyshark (shapeshifter) (D:13)
  2 skysharks
  2 spectral death yaks (Lair:5)
  2 pharaoh ants (Spider:1)
  A spectral anaconda (Lair:5)
  A sea snake (Shoals:1)
  2 steelbarb worms (Spider:1)
  An obsidian statue (Lair:5)
  2 deep elf pyromancers
  A deep elf zephyrmancer (D:15)
  A cyclops (D:15)
  11 orc knights
  4 necromancers (Lair:5)
  6 orc sorcerers (Orc:2)
  5 wolf spiders (Spider:1)
  2 ugly things
  3 manticores
  A merfolk siren (Shoals:1)
  A moth of wrath (Spider:1)
  5 black mambas
  22 elephants
  9 cane toads
  2 demonic crawlers (Spider:1)
  2 molten gargoyles (Volcano)
  2 gargoyles (D:13)
  3 torpor snails
  A water nymph (Shoals:1)
  A dire elephant skeleton (Lair:5)
  An unseen horror (D:12)
  3 rime drakes
  2 yaktaurs (D:13)
  6 komodo dragons
  A polar bear (shapeshifter) (D:15)
  3 meliai (Spider:1)
  8 trolls
  3 polar bears
  Prince Ribbit (D:9)
  4 tarantellas (Spider:1)
  A merfolk (Shoals:1)
  13 blink frogs
  A blink frog (shapeshifter) (D:13)
  8 dream sheep
  15 saltlings (Orc:2)
  A spectral elephant (Lair:5)
  A jumping spider (shapeshifter) (D:15)
  6 culicivoras (Spider:1)
  2 snapping turtles (Shoals:1)
  5 jumping spiders (Spider:1)
  A centaur simulacrum (D:14)
  4 shadows
  11 slime creatures
  11 wraiths
  A yak (shapeshifter) (D:15)
  4 water elementals (Shoals:1)
  A culicivora (shapeshifter) (D:13)
  4 wyverns
  Eustachio (D:4)
  A vampire (D:10)
  4 hogs (Spider:1)
  6 basilisks
  2 fire bats (Volcano)
  34 yaks
  A death yak simulacrum (Lair:5)
  A steam dragon (D:9)
  4 vampire mosquitoes
  The ghost of Quickbrownfox the Conjurer, an amateur DsCj (D:6)
  9 redbacks (Spider:1)
  3 spectral cane toads (Lair:5)
  3 wargs
  2 acid dragons
  12 water moccasins
  2 hell hounds (Lair:5)
  Duvessa (D:4)
  A sky beast (D:7)
  8 ogres
  19 orc warriors
  A black bear (Lair:1)
  An elephant zombie (Lair:5)
  4 boggarts (D:15)
  8 wolves
  21 centaurs
  An elephant skeleton (Lair:5)
  A kobold brigand (D:6)
  Blork the orc (D:4)
  20 bullfrogs
  A gnoll sergeant (D:8)
  4 scorpions
  Dowan (D:4)
  6 killer bees (D:11)
  2 troll zombies (D:10)
  An elephant simulacrum (Lair:5)
  5 howler monkeys
  8 lava snakes
  8 electric eels
  2 gnoll boudas
  6 jellies
  10 orc priests
  2 sleepcaps
  6 iguanas
  Terence (D:3)
  17 orc wizards
  6 hell rats (D:9)
  4 ogre zombies (D:10)
  2 hound zombies (D:4)
  A hound skeleton (D:4)
  8 mummies (Ossuary)
  Robin (D:2)
  12 gnolls
  A river rat (Lair:3)
  8 adders
  A shadow imp (D:7)
  An ufetubus (D:6)
  An adder zombie (D:4)
  6 worms
  2 dart slugs
  50 orcs
  7 ball pythons
  6 bats
  6 endoplasms
  3 giant cockroaches
  2 gnoll zombies (Ossuary)
  20 goblins
  5 hobgoblins
  9 jackals
  9 kobolds
  3 quokkas
  7 frilled lizards
  2 goblin zombies (D:10)
  5 hobgoblin zombies
  2 orc skeletons (D:10)
  16 orc zombies
  A quokka zombie (D:4)
  4 rats (D:2)
  2 tentacles (Shoals:1)
731 creatures vanquished.

Vanquished Creatures (collateral kills)
  A manticore (D:9)
  A meliai (shapeshifter) (D:9)
  A yak (D:9)
3 creatures vanquished.

Vanquished Creatures (others)
  A human (Spider:1)
  An acid dragon (D:13)
  3 kobolds (D:6)
  A tentacle (Shoals:1)
6 creatures vanquished.

Grand Total: 740 creatures vanquished

Notes
Turn   | Place    | Note
-------+----------+-------------------------------------------
     0 | D:1      | Ijustatesigmund the Gargoyle Earth Elementalist began the
                  | quest for the Orb.
     0 | D:1      | Reached XP level 1. HP: 10/10 MP: 3/3
   428 | D:1      | Reached XP level 2. HP: 16/16 MP: 3/5
   635 | D:1      | Reached skill level 1 in Fighting
   690 | D:1      | Reached skill level 4 in Earth Magic
  1462 | D:1      | Reached XP level 3. HP: 14/20 MP: 2/6
  1466 | D:1      | Learned a level 3 spell: Stone Arrow
  1713 | D:2      | Found the +0 toga "Victory" {*Victory Clar}
  1831 | D:2      | Reached skill level 1 in Conjurations
  1920 | D:2      | Reached skill level 1 in Maces & Flails
  1920 | D:2      | Reached XP level 4. HP: 25/25 MP: 5/8
  2062 | D:2      | Found a shimmering altar of Xom.
  2337 | D:3      | Noticed Robin
  2346 | D:2      | Killed Robin
  2580 | D:3      | Found a faded altar of an unknown god.
  2848 | D:3      | Found a runed translucent door.
  2850 | D:3      | Noticed Crazy Yiuf
  3073 | D:3      | Reached XP level 5. HP: 29/29 MP: 9/9
  3480 | D:3      | Noticed Terence
  3492 | D:3      | Killed Terence
  4001 | D:4      | Noticed Blork the orc
  4003 | D:4      | Killed Blork the orc
  4004 | D:4      | Reached skill level 5 in Earth Magic
  4004 | D:4      | Reached XP level 6. HP: 31/34 MP: 10/10
  4154 | D:4      | Noticed Dowan
  4155 | D:4      | Noticed Duvessa
  4210 | D:4      | Killed Duvessa
  4314 | D:4      | Reached skill level 1 in Shields
  4318 | D:4      | Noticed Eustachio
  4325 | D:4      | Killed Eustachio
  4326 | D:4      | Reached XP level 7. HP: 10/38 MP: 1/12
  4950 | D:4      | Killed Dowan
  5231 | D:5      | Entered Level 5 of the Dungeon
  5306 | D:5      | Reached skill level 5 in Conjurations
  5381 | D:5      | Reached skill level 6 in Earth Magic
  5676 | D:5      | Found a bloodstained altar of Trog.
  5702 | D:5      | Reached XP level 8. HP: 43/43 MP: 14/14
  6627 | D:6      | Found a radiant altar of Vehumet.
  6769 | D:6      | Became a worshipper of Vehumet
  7140 | D:6      | You fall into a shaft and drop 2 floors!
  7155 | D:8      | Reached skill level 7 in Earth Magic
  7305 | D:8      | Reached skill level 5 in Spellcasting
  7305 | D:8      | Reached XP level 9. HP: 46/48 MP: 16/16
  7774 | D:8      | Identified the +3 chain mail of Toothy Curiosity {rElec
                  | Int+3}
  8023 | D:8      | Reached skill level 8 in Earth Magic
  8273 | D:8      | Noticed a two-headed ogre
  8279 | D:8      | Killed a two-headed ogre
  8280 | D:8      | Reached XP level 10. HP: 58/58 MP: 17/19
  8859 | D:9      | Noticed Prince Ribbit
  8872 | D:9      | Killed Prince Ribbit
  8873 | D:9      | Reached skill level 5 in Fighting
  8873 | D:9      | Reached skill level 9 in Earth Magic
  9085 | D:9      | Reached * piety under Vehumet
  9085 | D:9      | Offered knowledge of Magic Dart by Vehumet.
  9219 | D:9      | Found a staircase to the Lair.
  9295 | D:9      | Learned a level 1 spell: Magic Dart
  9486 | D:9      | Found Rustruory's General Store.
  9517 | D:9      | Bought a scroll of butterflies for 52 gold pieces
  9547 | D:9      | Found Helotza's Jewellery Shop.
  9750 | D:9      | Noticed a boulder beetle
  9750 | D:9      | Noticed a manticore
  9754 | D:9      | Reached skill level 1 in Armour
  9766 | D:9      | Killed a manticore
  9813 | D:9      | Killed a boulder beetle
  9997 | D:9      | Found Appunlabli's Distillery.
 10000 | D:9      | Bought a potion of heal wounds for 65 gold pieces
 10000 | D:9      | Bought a potion of berserk rage for 65 gold pieces
 10013 | D:9      | Found Muitzer's Magic Scroll Shoppe.
 10241 | D:7      | Found a sand-covered staircase.
 10256 | Ossuary  | Entered an ossuary
 10427 | Ossuary  | Reached ** piety under Vehumet
 10848 | D:7      | Offered knowledge of Kiss of Death by Vehumet.
 10947 | D:7      | Reached skill level 10 in Earth Magic
 11244 | D:7      | Reached XP level 11. HP: 64/64 MP: 22/22
 11473 | D:7      | Reached skill level 1 in Evocations
 11712 | D:7      | Found a shimmering blue altar of Sif Muna.
 11838 | D:7      | Found a staircase to the Ecumenical Temple.
 12130 | D:6      | Found Megefyn's General Store.
 12166 | D:6      | Bought a scroll of brand weapon for 95 gold pieces
 12213 | D:6      | Found a runed translucent gate.
 12213 | D:6      | Found a runed translucent gate.
 12213 | D:6      | Found a runed translucent gate.
 12215 | D:6      | Found an opulent altar of Gozag.
 12215 | D:6      | Noticed Quickbrownfox's ghost (amateur DsCj)
 12243 | D:6      | Killed Quickbrownfox's ghost
 12432 | D:10     | Entered Level 10 of the Dungeon
 12438 | D:10     | Reached skill level 10 in Conjurations
 12633 | D:10     | Offered knowledge of Ignite Poison by Vehumet.
 12956 | D:10     | Noticed a two-headed ogre
 12966 | D:10     | Killed a two-headed ogre
 13295 | D:10     | Reached *** piety under Vehumet
 13512 | D:10     | Found a staircase to the Orcish Mines.
 13715 | D:10     | Noticed a two-headed ogre
 13719 | D:10     | Killed a two-headed ogre
 13720 | D:10     | Reached skill level 5 in Maces & Flails
 13861 | D:10     | Found a sparkling altar of Nemelex Xobeh.
 13862 | D:10     | Found a snail-covered altar of Cheibriados.
 13862 | D:10     | Found a hazy altar of Hepliaklqana.
 13863 | D:10     | Found a glowing silver altar of Zin.
 13864 | D:10     | Found a hide-covered altar of Uskayaw.
 13864 | D:10     | Found an iron altar of Okawaru.
 13865 | D:10     | Found a white marble altar of Elyvilon.
 13866 | D:10     | Found a sacrificial altar of Ru.
 13866 | D:10     | Found a burning altar of Makhleb.
 13867 | D:10     | Found a blossoming altar of Fedhas.
 14175 | D:11     | Found Kozoleol's Assorted Antiques.
 14232 | D:11     | Offered knowledge of Flame Wave by Vehumet.
 14594 | D:11     | Reached skill level 11 in Earth Magic
 14726 | D:11     | Found an opulent altar of Gozag.
 15211 | D:11     | Reached **** piety under Vehumet
 15230 | D:11     | Offered knowledge of Inner Flame by Vehumet.
 15475 | D:12     | Reached XP level 12. HP: 68/68 MP: 24/24
 15582 | D:12     | Noticed a two-headed ogre
 15586 | D:12     | Killed a two-headed ogre
 15631 | D:12     | Noticed a boulder beetle
 15638 | D:12     | Killed a boulder beetle
 16958 | D:12     | Found a snail-covered altar of Cheibriados.
 17181 | D:12     | Noticed Josephine
 17187 | D:12     | Killed Josephine
 17699 | D:13     | Reached skill level 5 in Evocations
 17780 | D:13     | Reached skill level 12 in Earth Magic
 18018 | D:13     | Noticed a centaur warrior
 18026 | D:13     | Killed a centaur warrior
 18084 | D:13     | Noticed a skyshark
 18111 | D:13     | Killed a skyshark
 18390 | D:13     | Identified the +7 arbalest of Tuthrona {speed, rC+}
 18589 | D:13     | Reached ***** piety under Vehumet
 18595 | D:13     | Reached XP level 13. HP: 28/76 MP: 22/26
 18879 | D:13     | Offered knowledge of Conjure Ball Lightning by Vehumet.
 19248 | D:13     | Noticed a yaktaur captain
 19252 | D:13     | Killed a yaktaur captain
 19256 | D:13     | HP: 1/76 [yaktaur/bolt (24)]
 19494 | D:13     | Found a gate to the Vaults.
 19666 | Lair:1   | Entered Level 1 of the Lair of Beasts
 19666 | Lair:1   | Found a transporter.
 20979 | Lair:1   | Found a transporter.
 21745 | Lair:2   | Reached skill level 13 in Earth Magic
 21892 | Lair:2   | Reached skill level 10 in Spellcasting
 23033 | Lair:2   | Found a staircase to the Shoals.
 23982 | Lair:3   | Gained mutation: Your large and strong wings let you fly.
                  | [Gargoyle growth]
 23982 | Lair:3   | Reached XP level 14. HP: 60/84 MP: 19/28
 24177 | Lair:3   | Found a hole to the Spider Nest.
 26050 | Lair:4   | Reached skill level 14 in Earth Magic
 26095 | Lair:4   | Offered knowledge of Iskenderun's Battlesphere by Vehumet.
 26280 | Lair:4   | Learned a level 5 spell: Iskenderun's Battlesphere
 26700 | Lair:4   | Found a staircase to the Slime Pits.
 26701 | Lair:4   | Found a viscous altar of Jiyva.
 26836 | Lair:5   | Entered Level 5 of the Lair of Beasts
 27325 | Lair:5   | Found a dark tunnel.
 27339 | Volcano  | Entered a volcano
 27346 | Volcano  | Learned a level 5 spell: Freezing Cloud
 27648 | Volcano  | Found a burning altar of Makhleb.
 27655 | Volcano  | Reached skill level 1 in Ice Magic
 27655 | Volcano  | Reached skill level 1 in Air Magic
 28517 | Lair:5   | Noticed a dire elephant
 28517 | Lair:5   | Noticed a dire elephant
 28517 | Lair:5   | Noticed a dire elephant
 28522 | Lair:5   | Noticed a dire elephant
 28975 | Lair:5   | Offered knowledge of Plasma Beam by Vehumet.
 28976 | Lair:5   | Reached XP level 15. HP: 90/90 MP: 17/29
 29617 | Lair:5   | Identified the amulet "Aruuqu" {Harm rC+ Regen+}
 30887 | Orc:1    | Entered Level 1 of the Orcish Mines
 30964 | Orc:2    | Entered Level 2 of the Orcish Mines
 30964 | Orc:2    | Noticed Donald
 31338 | Orc:1    | You are sucked into a shaft and drop 1 floor!
 31354 | Orc:2    | Reached skill level 5 in Dodging
 31672 | Orc:2    | Killed Donald
 32146 | Orc:2    | Found a staircase to the Elven Halls.
 33276 | Orc:2    | Noticed an orc warlord
 33287 | Orc:2    | Killed an orc warlord
 33411 | Orc:2    | Found Oxtus's Assorted Antiques.
 34081 | Orc:2    | Found Gasepesm's Distillery.
 34083 | Orc:2    | Found Zaerrugi's General Store.
 34089 | Orc:2    | Bought a scroll of enchant weapon for 120 gold pieces
 34235 | Orc:2    | Found Qezaumni's Antique Armour Emporium.
 34259 | Orc:2    | Reached skill level 15 in Earth Magic
 34578 | Orc:2    | Reached skill level 5 in Shields
 35078 | D:14     | Identified the +7 quarterstaff of Taxation {vamp, rC+
                  | Dex+2}
 35431 | D:14     | Found a hide-covered altar of Uskayaw.
 35805 | D:9      | Bought an amulet of reflection for 390 gold pieces
 35815 | D:9      | Learned a level 4 spell: Dispel Undead
 35967 | D:15     | Entered Level 15 of the Dungeon
 36071 | D:15     | Reached skill level 1 in Necromancy
 36445 | D:15     | Reached XP level 16. HP: 96/96 MP: 31/31
 36457 | D:15     | Offered knowledge of Iron Shot by Vehumet.
 36886 | D:15     | Found a staircase to the Depths.
 37306 | D:15     | Found a glowing golden altar of the Shining One.
 37492 | Spider:1 | Entered Level 1 of the Spider Nest
 37653 | Spider:1 | Learned a level 6 spell: Iron Shot
 37659 | Spider:1 | Learned a level 5 spell: Borgnjor's Vile Clutch
 37707 | Spider:1 | Noticed Kirke
 37722 | Spider:1 | Killed Kirke
 38333 | Spider:1 | Offered knowledge of Arcjolt by Vehumet.
 38603 | Spider:1 | Reached skill level 5 in Necromancy
 38603 | Spider:1 | Reached skill level 10 in Evocations
 39375 | Shoals:1 | Entered Level 1 of the Shoals
 39547 | Shoals:1 | Found a transporter.
 39551 | Shoals:1 | Found a transporter.
 39554 | Shoals:1 | Found a transporter.
 39554 | Shoals:1 | Found a transporter.
 39715 | Shoals:1 | Found a transporter.
 39715 | Shoals:1 | Found a transporter.
 40048 | Shoals:1 | Noticed a kraken
 40060 | Shoals:1 | HP: 2/96 [kraken (14)]
 40060 | Shoals:1 | Slain by a tentacle

Illustrated notes

Levels and vault maps discovered:
D:1:      dpeg_arrival_yet_another_circle, layout_basic
D:2:      layout_basic, basic_altar, minmay_quadrilaterals
D:3:      layout_loops_ring, chequers_ecumenical_altar_simple_redux,
          nrook_mini_vaults, moated_statue, kennysheep_minor_cross, uniq_robin,
          uniq_terence, uniq_crazy_yiuf_cottage
D:4:      layout_loops_ring, serial_undead, serial_undead_e, serial_undead_c,
          serial_undead_d, serial_undead_c, chequers_garden,
          kennysheep_generic_room_12, uniq_eustachio, uniq_blork_the_orc,
          uniq_duvessa
D:5:      layout_cave_pods, mainiacjoe_overflow_catwalk
D:6:      layout_basic, fiery_altar_vehumet, serial_shops,
          nicolae_shop_window_shopping, ebering_ghost_gozag
D:7:      layout_loops_corners, led_sif_book, temple_hall, enter_ossuary_1,
          kennysheep_big_empty_room
D:8:      layout_basic
D:9:      minmay_chambers_of_sixes, layout_grid_maze, erik_lair_orcish_takeover,
          serial_shops, shop, nicolae_shop_behind_doors, shop, shop,
          uniq_prince_ribbit1
D:10:     layout_basic, nicolae_overflows_in_rows, zombieorc1_lemuel,
          st_stairs_8
D:11:     layout_basic, serial_shops, shop,
          nicolae_gozag_cash_rules_everything_around_me
D:12:     layout_layer_cave, cheibrodos_worm_habitat, uniq_josephine
D:13:     layout_rooms, david_vaults_2, roderic_lattice_a
D:14:     layout_grid_maze, nicolae_uskayaw_murder_on_the_dancefloor
D:15:     grunt_enter_depths_hoard, layout_basic, nicolae_figureground_pulse,
          nicolae_tso_swordbearing_angel
Lair:1:   gammafunk_cloud_chamber, layout_regular_city
Lair:2:   layout_regular_city, elwin_shoals_entry_rocks
Lair:3:   layout_gridlike, nicolae_spider_entry_non_spiders,
          chequers_serial_rivers_room_b, pond
Lair:4:   layout_gridlike, minmay_slime_entry_pillars,
          chequers_serial_rivers_marsh, chequers_serial_rivers_micro_d,
          grunt_megastairs_4
Lair:5:   due_jungle_book, layout_gridlike, enter_volcano_3
Shoals:1: layout_shoals, serial_nicolae_subway, nicolae_sub_station_metal,
          nicolae_sub_station_stone, nicolae_sub_station_crystal
Spider:1: layout_cave_pods, uniq_kirke
Orc:1:    layout_diamond_mine
Orc:2:    hellmonk_orc_salted, layout_caves, uniq_donald

Skill      XL: |  1  2  3  4  5  6  7  8  9 10 11 12 13 14 15 16 |
---------------+-------------------------------------------------+-----
Fighting       | 1 4 5 6 8 9 |  9.3
Earth Magic    | 4 5 6 7 8 10 11 12 13 14 15 | 15.0
Conjurations   | 1 2 3 4 5 7 8 9 10 11 12 13 14 | 14.2
Maces & Flails | 1 2 3 5 6 |  6.6
Spellcasting   | 3 4 5 6 7 8 9 10 11 | 11.6
Shields        | 1 2 4 5 |  5.1
Armour         | 2 |  2.6
Evocations     | 3 5 7 8 10 | 10.3
Dodging        | 4 5 |  5.6
Ice Magic      | 3 4 |  4.8
Air Magic      | 3 4 |  4.0
Necromancy     | 2 5 |  5.6
Stealth        | |  2.1
Transmutations | |  0.7

Action                     |  1- 3 |  4- 6 |  7- 9 | 10-12 | 13-15 | 16-18 || total
---------------------------+-------+-------+-------+-------+-------+-------++-------
  Melee: Unarmed           |     5 |       |       |       |       |       ||     5
         Whip              |    12 |    14 |    19 |       |       |       ||    45
         Morningstar       |       |       |    26 |   227 |   284 |       ||   537
         Demon whip        |       |       |       |       |   134 |    87 ||   221
   Cast: Sandblast         |    44 |    68 |    13 |       |       |       ||   125
         Stone Arrow       |       |    15 |    77 |   301 |   477 |    37 ||   907
         Magic Dart        |       |       |       |    48 |   135 |    13 ||   196
         Iskenderun's Batt |       |       |       |       |    51 |    16 ||    67
         Freezing Cloud    |       |       |       |       |    27 |    14 ||    41
         Iron Shot         |       |       |       |       |       |    53 ||    53
         Borgnjor's Vile C |       |       |       |       |       |     2 ||     2
  Evoke: Wand              |       |       |     1 |    13 |    21 |     4 ||    39
    Use: Scroll            |       |       |    10 |    10 |    12 |     1 ||    33
         Potion            |       |       |       |     2 |     1 |     1 ||     4
   Stab: Sleeping          |       |       |       |     2 |     1 |       ||     3
 Armour: Robe              |     4 |    30 |    27 |   204 |   357 |   118 ||   740
  Dodge: Dodged            |    13 |    33 |    37 |   168 |   502 |   155 ||   908
  Block: Buckler           |       |       |     6 |    89 |   154 |   120 ||   369
         Reflection        |       |       |       |       |     1 |     5 ||     6
